 Dungeon Crawl Stone Soup version 0.26.1-11-gd32895ea62 (webtiles) character file.

Game seed: 12471280365808407527

33 Amplified the Magician (level 3, -3/22 HPs)
             Began as a Deep Elf Wanderer on Apr 14, 2021.
             Slain by a quokka (5 damage)
             ... on level 1 of the Dungeon.
             The game lasted 00:03:54 (2670 turns).

Amplified the Magician (Deep Elf Wanderer)          Turns: 2670, Time: 00:03:55

Health: -3/22      AC:  2    Str: 10    XL:     3   Next: 12%
Magic:  9/9        EV: 15    Int: 14    God:
Gold:   16         SH:  0    Dex: 16    Spells: 7/8 levels left

rFire    . . .     SeeInvis .   a - +0 dagger
rCold    . . .     Faith    .   (no shield)
rNeg     . . .     Spirit   .   c - +0 robe
rPois    .         Reflect  .   (no helmet)
rElec    .         Harm     .   (no cloak)
rCorr    .         Rampage  .   (no gloves)
Will     .....                  (no boots)
Stlth    +.........             (no amulet)
HPRegen  0.07/turn              b - +4 ring of evasion (curse)
MPRegen  0.11/turn              (no ring)

@: no status effects
A: no striking features
a: no special abilities


You were on level 1 of the Dungeon.
You visited 1 branch of the dungeon, and saw 2 of its levels.

You collected 16 gold pieces.

Inventory:

Hand Weapons
 a - a +0 dagger (weapon)
Missiles
 g - 20 poisoned darts (quivered)
Armour
 c - a +0 robe (worn)
Jewellery
 b - a cursed +4 ring of evasion (left hand)
 j - a cursed -4 ring of protection {unknown}
Scrolls
 e - a scroll of identify
Potions
 h - a potion of brilliance


   Skills:
 * Level 2.3 Fighting
 * Level 2.1 Long Blades
 - Level 1.0 Throwing
 - Level 3.0 Spellcasting
 - Level 2.6 Hexes
 - Level 1.1 Transmutations
 - Level 1.1 Evocations


You had 7 spell levels left.
You knew the following spells:

 Your Spells              Type           Power        Failure   Level
a - Magic Dart            Conj           8%           22%         1

Your spell library contained the following spells:

 Spells                   Type           Power        Failure   Level
 Slow                     Hex            9%           11%         2
 Blink                    Tloc           N/A          32%         2
 Call Imp                 Summ           2%           32%         2
 Conjure Flame            Conj/Fire      2%           54%         3
 Mephitic Cloud           Conj/Pois/Air  2%           54%         3


Dungeon Overview and Level Annotations

Branches:
Dungeon (2/15)

Altars:
Elyvilon


Message History

Okay, then.
As you read the scroll labelled JOCOEX WYUTTO, it crumbles to dust.
It is a scroll of amnesia.
Forget Magic Dart, freeing 1 spell level for a total of 8?
Really abort (and waste the scroll)? [Y]es or [N]o only, please.
Really abort (and waste the scroll)?
Okay, then.
The quokka bites you but does no damage.
Okay, then.
The quokka completely misses you.
The quokka bites you but does no damage.
Unknown command.
Throw: 21 darts (poison)
Press: ? - help, Q - select action, (/) - cycle Shift-Dir - straight line, f - quokka
Aim: a quokka (50% to hit)
You throw a poisoned dart. The poisoned dart hits the quokka.
The quokka is poisoned.
The quokka bites you.
You die...

# #.....##...###................
# #......)....##................
# #.....##.........##...........
#...>.......###...####...#####
######.##.#.# #....###########
#)##..K# ###..####...###. ######
#.####.# #..###....###. g....#
#.#.##K#####..###....###. ####.#
#..#...r@..#..##..#...#..
####.####.###.###..##..#..##.....
.........## ##.##..###....###...#
.########.###g###..#.##...###...#
.# ##.#.## #..#.########...# .#
##.## #..#.#....####### .# ###
#.......#........ .######
##...#.######.### ......# #..#.##
#....#


You could see a quokka (poisoned) and a kobold.

Vanquished Creatures
  An ooze (D:1)
  A leopard gecko (D:1)
  2 bats (D:1)
  3 giant cockroaches (D:1)
  2 goblins (D:1)
  6 hobgoblins (D:1)
  A ball python (D:1)
  A frilled lizard (D:1)
  3 kobolds (D:1)
  6 rats
26 creatures vanquished.

Vanquished Creatures (others)
  An ooze (D:2)
1 creature vanquished.

Grand Total: 27 creatures vanquished

Notes
Turn   | Place    | Note
-------+----------+-------------------------------------------
     0 | D:1      | Amplified the Deep Elf Wanderer began the quest for the
                  | Orb.
     0 | D:1      | Amplified set off with the following items: a +0 dagger, a
                  | scroll of teleportation, a +0 robe; and the following spell
                  | memorised: Magic Dart; and the following spells available
                  | to memorise: Slow, Blink, Call Imp, Conjure Flame, Mephitic
                  | Cloud
     0 | D:1      | Reached XP level 1. HP: 12/12 MP: 6/6
   470 | D:1      | Reached XP level 2. HP: 12/17 MP: 0/8
   757 | D:1      | You fall into a shaft and drop 1 floor!
  1046 | D:2      | Found a white marble altar of Elyvilon.
  1727 | D:1      | Reached XP level 3. HP: 21/21 MP: 9/9
  2659 | D:1      | HP: 1/22 [quokka (1)]
  2670 | D:1      | Slain by a quokka

Illustrated notes

Levels and vault maps discovered:
D:1:      nicolae_arrival_washed_ashore, layout_loops_cross, serial_park_tiny_2,
          hangedman_glass_teeth, minmay_split_cup_small
D:2:      layout_rooms, elyvilon_altar_4, minmay_worlds_worst_comb

Skill      XL: |  1  2 |
---------------+-------+-----
Fighting       | 2 |  2.3
Long Blades    | 2 |  2.1
Throwing       | |  1.0
Spellcasting   | |  3.0
Hexes          | |  2.6
Transmutations | |  1.1
Evocations     | |  1.1

Action                   || total
-------------------------++-------
Melee: Dagger            ||    97
Throw: Dart              ||     1
 Cast: Magic Dart        ||    53
  Use: Scroll            ||     5
       Potion            ||     1
Armor: Robe              ||    33
Dodge: Dodged            ||   136
